 Dungeon Crawl Stone Soup version 0.31-a0-175-g9f7f995f2b (webtiles) character file.

Game seed: 11030630885766950436

77 qw the Chopper (level 4, -6/28 HPs)
             Began as a Gargoyle Fighter on June 17, 2023.
             Killed by divine providence
             ... invoked by an orc priest
              (13 damage)
             ... on level 3 of the Dungeon.
             The game lasted 00:01:00 (1839 turns).

qw the Chopper (Gargoyle Fighter)                   Turns: 1839, Time: 00:01:00

Health: -6/28      AC: 15    Str: 22    XL:     4   Next: 33%
Magic:  4/4        EV:  6    Int: 10    God:
Gold:   26         SH:  4    Dex:  9    Spells: 3/3 levels left

rFire   + + .        Y - +0 war axe
rCold   + . .        c - +0 buckler
rNeg    + + .        l - +0 plate armour
rPois   inf          (no helmet)
rElec   +            e - scarf {rC+ rF+}
rCorr   .            (no gloves)
SInv    .            (no boots)
Will    .....        b - amulet of Rifistrich {RegenMP rF+ rN+ Int+2} Stlth
                     (no ring)
HPRegen 0.24/turn    (no ring)
MPRegen 0.49/turn

%: no passive effects
@: no status effects
A: sickness immunity, AC +3, negative energy resistance 1, electricity
resistance, torment resistance 1, petrification resistance
a: no special abilities


You were on level 3 of the Dungeon.
You visited 1 branch of the dungeon, and saw 3 of its levels.

You collected 138 gold pieces.
You spent 112 gold pieces at shops.


Innate Abilities, Weirdness & Mutations

You are immune to sickness and miasma.
Your stone body is resilient. (AC +3)
You are immune to poison.
You resist negative energy. (rN+)
You are resistant to electric shocks. (rElec)
You are resistant to unholy torment.
You are immune to petrification.


   Skills:
 - Level 3.2 Fighting
 + Level 4.0 Axes
 - Level 3.2 Armour
 - Level 3.2 Shields


You had 3 spell levels left.
You didn't know any spells.
Your spell library was empty.

Inventory:

Hand Weapons
 i - a +0 flail
 Y - a +0 war axe (weapon)
Armour
 c - a +0 buckler (worn)
 e - a scarf of resistance (worn)
 l - a +0 plate armour (worn)
Jewellery
 b - the amulet of Rifistrich (around neck) {RegenMP rF+ rN+ Int+2}
   (You acquired it on level 2 of the Dungeon)

   [amulet of magic regeneration]

   It increases your rate of magic regeneration.
   Int:       It affects your intelligence (+2).
   rF:        It protects you from fire.
   rN:        It protects you from negative energy.
Scrolls
 a - a scroll of identify
 f - a scroll of enchant armour {unknown}
Potions
 d - a potion of might
 g - a potion of curing {unknown}
 h - a potion of brilliance {unknown}
 k - a potion of degeneration {unknown}

Dungeon Overview and Level Annotations

Branches:
Dungeon (3/15)

Altars:
Uskayaw

Shops:
D:2 (


Message History

The orc is almost dead.
The orc hits you but does no damage.
The orc hits you with a +2 vampiric dagger.
You closely miss the orc.
The orc is almost dead.
The orc hits you but does no damage.
You hit the orc.
You kill the orc!
The giant cockroach closely misses you.
You slash the giant cockroach!
You kill the giant cockroach!
You block the orc's attack.
The orc shouts!
You slash the orc!
You kill the orc!
The orc priest looks satisfied for a moment.
You hit the orc.
The orc is almost dead.
The orc priest calls upon Beogh to heal the orc.
The orc's wounds heal themselves!
The orc hits you with a +0 club.
You barely miss the orc.
The orc priest calls down the wrath of Beogh upon you.
Beogh smites you! The orc hits you but does no damage.
You closely miss the orc. You block the orc's attack.
The orc hits you but does no damage.
You hit the orc.
The orc is lightly wounded.
The orc hits you but does no damage.
You barely miss the orc.
The orc is lightly wounded.
The orc hits you but does no damage.
You barely miss the orc.
The orc is lightly wounded.
You block the orc's attack. The orc barely misses you.
You barely miss the orc.
The orc is lightly wounded.
The orc hits you but does no damage.
The orc priest calls down the wrath of Beogh upon you.
Beogh smites you!
You die...

#.#..##########.#######
#.#.## #.# #.#.# #.#
#.#.# #.#
######...#########.#.#
........###........#.#
######...............#
#).###.######.### #..#
#@# #..# #o#
>.....oo..o.oo.
.#[####.######o #.#.
#.# # #. #.. #.. ...
....


You could see an orc priest and 2 orcs.

Vanquished Creatures
  An adder (D:2)
  2 worms
  A dart slug (D:1)
  3 orcs (D:3)
  3 ball pythons
  A bat (D:1)
  2 endoplasms (D:1)
  5 giant cockroaches
  5 hobgoblins
  8 jackals
  7 kobolds
  3 quokkas
  2 frilled lizards (D:1)
  3 goblins
  5 rats
51 creatures vanquished.

Notes
Turn   | Place    | Note
-------+----------+-------------------------------------------
     0 | D:1      | qw the Gargoyle Fighter began the quest for the Orb.
     0 | D:1      | Reached XP level 1. HP: 14/14 MP: 1/1
     0 | D:1      | 0 ||| qw: Version: 0.3-a-2-g5ab2908
     0 | D:1      | 0 ||| qw: Game counter: 124
     0 | D:1      | 0 ||| qw: Always use a shield: true
     0 | D:1      | 0 ||| qw: God list: Okawaru
     0 | D:1      | 0 ||| qw: Allow faded altars: false
     0 | D:1      | 0 ||| qw: Do Orc after D:15 true
     0 | D:1      | 0 ||| qw: Do second Lair branch before Depths: true
     0 | D:1      | 0 ||| qw: Lair rune preference: random
     0 | D:1      | 0 ||| qw: Plans: Normal, Zot:1-4, Slime:5, God:TSO, Crypt,
                  | Tomb, Abyss, Pan, Hells, Win
     0 | D:1      | 0 ||| PLANNING D:1-11
    30 | D:1      | Reached skill level 2 in Axes
    43 | D:1      | 43 ||| Stepping ~*~*~tactically~*~*~ (stealth).
    49 | D:1      | 49 ||| Stepping ~*~*~tactically~*~*~ (stealth).
    51 | D:1      | 51 ||| Stepping ~*~*~tactically~*~*~ (stealth).
    61 | D:1      | Reached XP level 2. HP: 16/19 MP: 2/2
   298 | D:1      | 298 ||| DROPPING +0 club.
   343 | D:1      | Reached skill level 3 in Axes
   397 | D:1      | Reached XP level 3. HP: 21/23 MP: 3/3
   708 | D:1      | 708 ||| UPGRADING to scarf of resistance.
   795 | D:2      | 795 ||| Stepping ~*~*~tactically~*~*~ (stealth).
   796 | D:2      | 796 ||| Stepping ~*~*~tactically~*~*~ (stealth).
   889 | D:2      | Found Coenniel's Antique Weapon Shoppe.
   897 | D:2      | 897 ||| BUYING flail (112 gold).
   897 | D:2      | Bought a flail for 112 gold pieces
   897 | D:2      | 897 ||| SHOPLISTING glowing mace (192 gold, have 0).
   897 | D:2      | 897 ||| DROPPING +0 whip.
   907 | D:2      | 907 ||| Stepping ~*~*~tactically~*~*~ (hiding).
   908 | D:2      | 908 ||| Stepping ~*~*~tactically~*~*~ (hiding).
  1061 | D:2      | Reached XP level 4. HP: 25/28 MP: 4/4
  1481 | D:2      | 1481 ||| UPGRADING to +0 plate armour.
  1491 | D:2      | 1491 ||| DROPPING +0 scale mail.
  1492 | D:2      | 1492 ||| READING 2 scrolls labelled PEUME ETHROR FEG.
  1493 | D:2      | 1493 ||| READING scroll labelled DOHOWKA QUSSIORI.
  1493 | D:2      | Identified a scroll of acquirement
  1493 | D:2      | 1493 ||| ACQUIRING amulet of Rifistrich {RegenMP rF+ rN+
                  | Int+2}
  1493 | D:2      | Acquired the amulet of Rifistrich {RegenMP rF+ rN+ Int+2}
  1495 | D:2      | 1495 ||| UPGRADING to amulet of Rifistrich {RegenMP rF+ rN+
                  | Int+2}.
  1642 | D:3      | Reached skill level 4 in Axes
  1676 | D:3      | Found a hide-covered altar of Uskayaw.
  1819 | D:3      | 1819 ||| Stepping ~*~*~tactically~*~*~ (stealth).
  1822 | D:3      | 1822 ||| Stepping ~*~*~tactically~*~*~ (hiding).
  1834 | D:3      | HP: 5/28 [orc priest/divine providence (12)]
  1839 | D:3      | Killed from afar by an orc priest

Levels and vault maps discovered:
D:1:      erik_arrival_blinker_ship, layout_basic
D:2:      layout_basic, serial_shops, nicolae_shop_tiny_statue_garden
D:3:      layout_basic, nemelex_altar_shiori, mainiacjoe_overflow_tiny_flanked,
          ebering_ecumenical_altar_petrified, kennysheep_generic_room_11

Skill      XL: |  1  2  3  4 |
---------------+-------------+-----
Axes           | 2 3 4 |  4.0
Fighting       | |  3.2
Armour         | |  3.2
Shields        | |  3.2

Action                     |  1- 3 |  4- 6 || total
---------------------------+-------+-------++-------
  Melee: War axe           |   124 |    37 ||   161
    Use: Scroll            |       |     2 ||     2
 Armour: Scale mail        |    63 |     1 ||    64
         Plate armour      |       |    24 ||    24
  Dodge: Dodged            |    60 |     7 ||    67
  Block: Buckler           |    10 |     5 ||    15

Table legend:
 A = Non-vault XP
 B = Vault XP
 C = Vault XP percentage of total XP
 D = Non-vault monster count
 E = Vault monster count
 F = Vault count percentage of total count
                 A         B        C        D         E       F
            +---------+---------+-------+---------+---------+-------
      Total |     105 |       5 |   4.5 |      50 |       1 |   2.0
            +---------+---------+-------+---------+---------+-------
        D:1 |      43 |       0 |   0.0 |      26 |       0 |   0.0
        D:2 |      41 |       0 |   0.0 |      15 |       0 |   0.0
        D:3 |      21 |       5 |  19.2 |       9 |       1 |  10.0
            +---------+---------+-------+---------+---------+-------
